 Dungeon Crawl Stone Soup version 0.23.2-1-ga50397a (webtiles) character file.

Game seed: 7641125629497528072

367 Borgoz the Skirmisher (level 6, 0/38 HPs)
             Began as a Gargoyle Gladiator on May 15, 2019.
             Killed by divine providence
             ... invoked by an orc priest
              (11 damage)
             ... on level 5 of the Dungeon.
             The game lasted 00:03:59 (2837 turns).

Borgoz the Skirmisher (Gargoyle Gladiator)          Turns: 2837, Time: 00:04:00

Health: 0/38       AC: 17    Str: 18    XL:     6   Next: 69%
Magic:  2/6        EV: 14    Int: 10    God:
Gold:   191        SH:  0    Dex: 18    Spells: 5/5 levels left

rFire    + . .     SeeInvis .   b - +0 dagger (elec)
rCold    + . .     Gourm    .   (no shield)
rNeg     + . .     Faith    .   h - +0 chain mail
rPois    ∞         Spirit   .   c - +0 helmet
rElec    +         Reflect  .   k - +0 cloak
rCorr    +         Harm     .   (no gloves)
MR       +....     Clarity  +   m - +0 pair of boots
Stlth    ..........             (no amulet)
HPRegen  0.12/turn              p - ring of protection from magic
MPRegen  0.10/turn              n - +4 ring of slaying

@: agile, resistant
A: clarity, clever 1, negative energy resistance 1, electricity resistance,
unbreathing, petrification resistance, rot immunity, subdued magic 1, MP-powered
wands, AC +4
a: no special abilities


You were on level 5 of the Dungeon.
You were hungry.

You visited 1 branch of the dungeon, and saw 5 of its levels.

You collected 191 gold pieces.

Inventory:

Hand Weapons
 a - a +0 long sword
 b - a +0 dagger of electrocution (weapon)
Missiles
 d - 3 throwing nets (quivered)
Armour
 c - a +0 helmet (worn)
 h - a +0 chain mail (worn)
 k - a +0 cloak (worn)
 m - a +0 pair of boots (worn)
Jewellery
 i - an uncursed ring of see invisible
 n - a +4 ring of slaying (right hand)
 o - an uncursed ring of fire
 p - a ring of protection from magic (left hand)
Scrolls
 l - 2 scrolls of remove curse
 q - a scroll of noise {unknown}
Potions
 e - a potion of cancellation
 r - 2 potions of haste
Comestibles
 f - 7 rations


   Skills:
 + Level 4.2 Fighting
 + Level 4.0 Long Blades
 - Level 1.7 Throwing
 + Level 3.3 Armour
 + Level 3.6 Dodging


You had 5 spell levels left.
You didn't know any spells.
Your spell library was empty.

Dungeon Overview and Level Annotations

Branches:
Dungeon (5/15)             Temple (0/1) D:5

Altars:
Fedhas
Kikubaaqudgha
Qazlal
Yredelemnul


Innate Abilities, Weirdness & Mutations

You are resistant to torment.
Your stone body is resilient. (AC +4)
You are immune to poison.
You resist negative energy. (rN+)
You are resistant to electric shocks. (rElec)
You can survive without breathing.
You are immune to petrification.
You are immune to rotting.
You possess an exceptional clarity of mind.
Your mind is acute. (Int +2)
Your spells are a little easier to cast, but a little less powerful.
You expend magic power (3 MP) to strengthen your wands.


Message History

Beogh smites you! The orc barely misses you.
The orc wizard gestures at you while chanting.
The magic dart hits you!
* * * LOW HITPOINT WARNING * * *
It was a potion of mutation.
You feel extremely strange.
Your connection to magic feels subdued.
You feel your magical essence link to your wands.
Your thoughts seem clearer.
You feel clever.
The orc priest looks satisfied for a moment.
The orc hits you but does no damage. x2; The orc wizard closely misses you.
You feel agile all of a sudden. The orc priest closely misses you.
The orc barely misses you. The orc completely misses you.
The orc wizard hits you but does no damage.
It was a potion of resistance.
You feel protected. The orc hits you but does no damage. The orc misses you.
The orc priest calls down the wrath of Beogh upon you.
Beogh smites you!
You die...

.......# #......⌠...
#....####..........#
#....##.....⌠.>.⌠.#
#.................#
#..##.........⌠....
#..###.............
#..# ##............
#..# ###..oo......
#..# ##.@or.....
#..#### ##.o......
#..#..## ##.......
#......### #....###
#........###.####
##.........##.#
##...........#.#
#............#.#
##..............#


You could see an orc priest, an orc wizard, 2 orcs and a quokka.

Vanquished Creatures
  An eye of draining (D:5)
  A bullfrog zombie (D:5)
  2 hounds
  A worker ant (D:4)
  A hound skeleton (D:4)
  3 gnolls (D:2)
  A howler monkey skeleton (D:4)
  3 adders
  An ooze (D:3)
  2 worms (D:2)
  A dart slug (D:1)
  3 leopard geckos
  6 orcs
  6 giant cockroaches
  4 goblins
  10 hobgoblins
  3 jackals (D:2)
  6 kobolds
  2 quokkas
  4 bats
  3 frilled lizards (D:1)
  A quokka zombie (D:5)
  7 rats
72 creatures vanquished.

Notes
Turn   | Place    | Note
-------+----------+-------------------------------------------
     0 | D:1      | Borgoz the Gargoyle Gladiator began the quest for the Orb.
     0 | D:1      | Reached XP level 1. HP: 12/12 MP: 1/1
   232 | D:1      | Reached XP level 2. HP: 18/18 MP: 2/2
   292 | D:1      | Reached skill level 1 in Armour
   570 | D:1      | Reached XP level 3. HP: 22/22 MP: 3/3
   665 | D:2      | Reached XP level 4. HP: 14/28 MP: 4/4
  1787 | D:3      | Reached XP level 5. HP: 28/32 MP: 5/5
  1830 | D:3      | Found an ancient bone altar of Kikubaaqudgha.
  2278 | D:4      | Found a stormy altar of Qazlal.
  2284 | D:4      | Found a blossoming altar of Fedhas.
  2308 | D:4      | Found a blossoming altar of Fedhas.
  2412 | D:4      | Found a basalt altar of Yredelemnul.
  2723 | D:5      | Entered Level 5 of the Dungeon
  2731 | D:5      | Reached XP level 6. HP: 38/38 MP: 6/6
  2812 | D:5      | Noticed an eye of draining
  2821 | D:5      | Killed an eye of draining
  2825 | D:5      | Found a staircase to the Ecumenical Temple.
  2835 | D:5      | Gained mutation: Your spells are a little easier to cast,
                  | but a little less powerful. [potion of mutation]
  2835 | D:5      | Gained mutation: You expend magic power (3 MP) to
                  | strengthen your wands. [potion of mutation]
  2835 | D:5      | Gained mutation: You possess an exceptional clarity of
                  | mind. [potion of mutation]
  2835 | D:5      | Gained mutation: Your mind is acute. (Int +2) [potion of
                  | mutation]
  2837 | D:5      | Killed from afar by an orc priest

Skill      XL: |  1  2  3  4  5  6 |
---------------+-------------------+-----
Armour         | 1 2 3 |  3.3
Long Blades    | 3 4 |  4.0
Fighting       | 3 4 |  4.2
Dodging        | 3 |  3.6
Throwing       | |  1.7

Action                   |  1- 3 |  4- 6 || total
-------------------------+-------+-------++-------
Melee: Long sword        |    67 |   123 ||   190
       Dagger            |       |    27 ||    27
  Use: Potion            |     2 |     3 ||     5
       Scroll            |       |     5 ||     5
  Eat: Chunk             |       |     6 ||     6
Armor: Leather armour    |    29 |    68 ||    97
       Chain mail        |       |    52 ||    52
Dodge: Dodged            |    46 |   113 ||   159
       Rpst.: Long sword |    16 |    30 ||    46
